 Dungeon Crawl Stone Soup version 0.27.1-34-g3ba077fa99 (webtiles) character file.

Game seed: 18396604802289634325

7252 safid the Cleaver (level 11, -18/84 HPs)
             Began as a Hill Orc Fighter on Jan 13, 2022.
             Was a Follower of Beogh.
             Demolished by a white ugly thing (32 damage)
             ... on level 11 of the Dungeon.
             The game lasted 00:20:56 (9346 turns).

safid the Cleaver (Hill Orc Fighter)                Turns: 9346, Time: 00:20:57

Health: -18/84     AC: 11    Str: 26    XL:     11   Next: 12%
Magic:  11/11      EV: 14    Int:  8    God:    Beogh [*.....]
Gold:   231        SH: 13    Dex: 10    Spells: 10/10 levels left

rFire    + + .     SeeInvis .   n - +1 hand axe (elec)
rCold    . . .     Faith    .   c - +0 kite shield
rNeg     + . .     Spirit   .   O - +3 ring mail of Ramioc {rF++}
rPois    .         Reflect  .   (no helmet)
rElec    .         Harm     .   x - +0 cloak
rCorr    .         Rampage  .   l - +0 pair of gloves {Str+3}
Will     .....                  (no boots)
Stlth    ..........             h - amulet of regeneration
HPRegen  1.24/turn              s - +4 ring of evasion
MPRegen  0.12/turn              w - ring of positive energy

@: no status effects
A: no striking features
a: Renounce Religion


You were on level 11 of the Dungeon.
You worshipped Beogh.
Beogh was aware of your devotion.
You visited 1 branch of the dungeon, and saw 11 of its levels.

You collected 606 gold pieces.
You spent 375 gold pieces at shops.

Inventory:

Hand Weapons
 a - a +0 war axe
 n - a +1 hand axe of electrocution (weapon)
Missiles
 i - 2 javelins
 p - 26 poisoned darts (quivered)
 P - 2 throwing nets
Armour
 c - a +0 kite shield (worn)
 l - a +0 pair of gloves of strength (worn)
 x - a +0 cloak (worn)
 O - the +3 ring mail of Ramioc (worn) {rF++}
   (You found it on level 8 of the Dungeon)

   rF:        It greatly protects you from fire.
Jewellery
 f - an amulet of faith
 h - an amulet of regeneration (around neck)
 s - a +4 ring of evasion (left hand)
 w - a ring of positive energy (right hand)
 B - an amulet of the acrobat
 Q - a ring of see invisible
 R - a ring of poison resistance
Wands
 k - a wand of iceblast (14)
 z - a wand of flame (26)
 L - a wand of digging (4)
 N - a wand of polymorph (12)
Scrolls
 g - a scroll of immolation {unknown}
 o - 4 scrolls of magic mapping
 q - 2 scrolls of enchant weapon
 r - a scroll of fog {unknown}
 u - 7 scrolls of teleportation
 y - a scroll of brand weapon {unknown}
 C - a scroll of amnesia {unknown}
 E - a scroll of blinking {unknown}
 G - a scroll of silence {unknown}
 H - a scroll of holy word {unknown}
 K - a scroll of fear {unknown}
 M - a scroll of noise {unknown}
Potions
 b - a potion of degeneration {unknown}
 d - 3 potions of might
 e - a potion of magic {unknown}
 j - 3 potions of curing
 m - 7 potions of heal wounds
 t - a potion of cancellation {unknown}
 v - a potion of brilliance {unknown}
 A - 3 potions of flight
 D - a potion of resistance
 F - a potion of invisibility {unknown}
 I - a potion of attraction {unknown}
 J - a potion of mutation {unknown}
 S - a potion of haste


   Skills:
 - Level 4.0 Fighting
 + Level 14.7 Axes
 - Level 4.0 Armour
 + Level 12.9 Shields


You had 10 spell levels left.
You didn't know any spells.
Your spell library contained the following spells:

 Spells                   Type           Power      Damage    Failure   Level
 Animate Skeleton         Necr           0%         N/A       63%         1
 Beastly Appendage        Tmut           0%         N/A       63%         1
 Pain                     Necr           0%         1d4       63%         1
 Corpse Rot               Necr/Air       N/A        N/A       77%         2
 Passwall                 Tmut/Erth      0%         N/A       77%         2
 Wereblood                Tmut           0%         N/A       77%         2
 Spider Form              Tmut/Pois      0%         N/A       94%         3
 Swiftness                Air            0%         N/A       94%         3
 Vampiric Draining        Necr           0%         2d6       94%         3
 Cause Fear               Hex            0%         N/A       100%        4
 Dispel Undead            Necr           0%         3d6       100%        4
 Leda's Liquefaction      Hex/Erth       0%         N/A       100%        4
 Bolt of Magma            Conj/Fire/Erth 0%         4d4       100%        5
 Death Channel            Necr           0%         N/A       100%        6
 Invisibility             Hex            0%         N/A       100%        6
 Statue Form              Tmut/Erth      0%         N/A       100%        6
 Dragon Form              Tmut           0%         N/A       100%        7
 Dragon's Call            Summ           0%         N/A       100%        9


Dungeon Overview and Level Annotations

Branches:
Dungeon (11/15)            Temple (0/1) D:7            Lair (0/6) D:9
    Orc: D:9-12

Altars:
Ashenzari
Elyvilon
Gozag
Hepliaklqana
Kikubaaqudgha
Nemelex Xobeh
Qazlal
Sif Muna
Trog
Vehumet
Xom
Zin
The Shining One

Shops:
D:4 (   D:9 *   D:10 !?

Annotations:
D:10 3 runed translucent doors, Kazon's ghost, novice PaFi


Message History

A white ugly thing comes into view.
The white ugly thing gurgles horribly!
The white ugly thing tentacle-slaps you!
The white ugly thing freezes you!
There is an open door here.
You hit the white ugly thing.
The white ugly thing is lightly wounded.
You block the white ugly thing's attack.
You hit the white ugly thing but do no damage.
The white ugly thing is lightly wounded.
You closely miss the white ugly thing.
The white ugly thing is lightly wounded.
You block the white ugly thing's attack.
You barely miss the white ugly thing.
The white ugly thing is lightly wounded.
The white ugly thing tentacle-slaps you!
The white ugly thing freezes you!
You slash the white ugly thing!
Lightning courses through the white ugly thing!
The white ugly thing is moderately wounded.
You hit the white ugly thing but do no damage.
The white ugly thing is moderately wounded.
The white ugly thing tentacle-slaps you.
The white ugly thing freezes you!!
* * * LOW HITPOINT WARNING * * *
You are too injured to fight recklessly!
You are too injured to fight recklessly!
You are too injured to fight recklessly!
You are too injured to fight recklessly!
You are too injured to fight recklessly!
You are too injured to fight recklessly!
You are too injured to fight recklessly!
You are too injured to fight recklessly!
You are too injured to fight recklessly!
You are too injured to fight recklessly!
You are too injured to fight recklessly!
The white ugly thing tentacle-slaps you!
* * * LOW HITPOINT WARNING * * *
The white ugly thing freezes you!!
You die...

#......##########
#......'..†.....#
#......########....
#......# # #......#
##......# #...#####
##.########
#...@u....#
#.........#
#.........#
#.........###
#.........'.#
#.........#.#
#.........#...
###+###########


You could see a white ugly thing.

Vanquished Creatures
  A boulder beetle (D:10)
  3 trolls
  A shadow (D:7)
  A yak (D:9)
  3 wyverns
  8 vampire mosquitoes (D:11)
  A steam dragon (D:6)
  An acid dragon (D:10)
  A water moccasin (D:9)
  3 orc warriors
  3 ice beasts
  2 sky beasts
  A black bear (D:6)
  4 ogres
  A necrophage (D:5)
  2 centaurs
  A phantom (D:6)
  6 bullfrogs
  3 scorpions (D:5)
  A gnoll sergeant (D:6)
  2 water moccasin skeletons (D:6)
  9 killer bees
  A wight (D:7)
  2 electric eels (D:10)
  4 howler monkeys
  3 centaur zombies
  A bullfrog zombie (D:7)
  2 hounds (D:5)
  2 orc priests (D:8)
  2 jellies
  A bullfrog skeleton (D:6)
  2 gnoll shamans
  A centaur skeleton (D:7)
  Natasha (thrice) (D:2)
  4 orc wizards
  A killer bee zombie (D:8)
  3 howler monkey zombies
  17 gnolls
  7 adders
  2 white imps
  An adder skeleton (D:4)
  2 worms
  19 orcs
  10 ball pythons
  2 bats (D:1)
  3 endoplasms
  A giant cockroach (D:1)
  11 goblins
  3 hobgoblins
  3 jackals (D:5)
  7 kobolds
  4 quokkas
  A frilled lizard (D:3)
  5 rats
188 creatures vanquished.

Vanquished Creatures (others)
  An unseen horror (D:10)
  A meliai zombie (D:10)
  A golden eye (shapeshifter) (D:10)
  An orc priest (D:7)
  An endoplasm (D:4)
  3 plants
8 creatures vanquished.

Grand Total: 196 creatures vanquished

Notes
Turn   | Place    | Note
-------+----------+-------------------------------------------
     0 | D:1      | safid the Hill Orc Fighter began the quest for the Orb.
     0 | D:1      | Reached XP level 1. HP: 19/19 MP: 1/1
    71 | D:1      | Reached XP level 2. HP: 7/27 MP: 2/2
   314 | D:1      | Reached skill level 3 in Axes
   542 | D:1      | Found a faded altar of an unknown god.
   690 | D:1      | Reached XP level 3. HP: 31/33 MP: 3/3
  1063 | D:2      | Noticed Natasha
  1071 | D:2      | Killed Natasha
  1256 | D:2      | Noticed Natasha
  1273 | D:2      | Killed Natasha
  1274 | D:2      | Reached skill level 4 in Axes
  1274 | D:2      | Reached XP level 4. HP: 13/40 MP: 4/4
  1478 | D:2      | Noticed Natasha
  1512 | D:2      | Killed Natasha
  1668 | D:2      | Reached XP level 5. HP: 44/46 MP: 5/5
  2695 | D:3      | Found a bloodstained altar of Trog.
  2746 | D:3      | Reached skill level 5 in Axes
  2780 | D:3      | Reached skill level 5 in Shields
  2833 | D:3      | Found an ancient bone altar of Kikubaaqudgha.
  2901 | D:3      | Reached XP level 6. HP: 52/52 MP: 6/6
  3422 | D:4      | Found a hazy altar of Hepliaklqana.
  3625 | D:4      | Found Rumping's Antique Weapon Shoppe.
  3714 | D:4      | Found a radiant altar of Vehumet.
  4048 | D:5      | Entered Level 5 of the Dungeon
  4147 | D:5      | Reached skill level 6 in Axes
  4166 | D:5      | Noticed a necrophage
  4178 | D:5      | Killed a necrophage
  4179 | D:5      | Reached XP level 7. HP: 59/59 MP: 7/7
  4193 | D:5      | Reached skill level 7 in Axes
  4265 | D:5      | Found a broken altar of Ashenzari.
  4514 | D:5      | You fall into a shaft and drop 2 floors!
  4623 | D:6      | Reached skill level 8 in Axes
  4626 | D:6      | Reached XP level 8. HP: 35/66 MP: 8/8
  5257 | D:6      | Reached skill level 9 in Axes
  5396 | D:6      | Reached skill level 10 in Axes
  5484 | D:6      | Reached XP level 9. HP: 71/71 MP: 9/9
  5718 | D:6      | Found an opulent altar of Gozag.
  5719 | D:6      | Found a sparkling altar of Nemelex Xobeh.
  6010 | D:7      | Found a stormy altar of Qazlal.
  6184 | D:7      | Found a staircase to the Ecumenical Temple.
  6316 | D:7      | Reached skill level 11 in Axes
  6509 | D:7      | Reached skill level 10 in Shields
  6532 | D:7      | Became a worshipper of Beogh the Brigand
  6901 | D:8      | Reached skill level 12 in Axes
  7007 | D:8      | Reached * piety under Beogh
  7078 | D:8      | Reached XP level 10. HP: 78/78 MP: 10/10
  7156 | D:8      | Identified the +3 ring mail of Ramioc {rF++}
  7717 | D:9      | Found Seen's Neck Hole.
  7846 | D:9      | Found a shimmering blue altar of Sif Muna.
  7902 | D:9      | Reached skill level 13 in Axes
  8027 | D:9      | Found a shimmering altar of Xom.
  8263 | D:9      | Found a staircase to the Lair.
  8346 | D:10     | Entered Level 10 of the Dungeon
  8646 | D:10     | Noticed a boulder beetle
  8668 | D:10     | Killed a boulder beetle
  8711 | D:10     | Found a runed translucent gate.
  8711 | D:10     | Found a runed translucent gate.
  8711 | D:10     | Found a runed translucent gate.
  8712 | D:10     | Noticed an anaconda
  8712 | D:10     | Noticed a two-headed ogre
  8713 | D:10     | Noticed an orc knight
  8713 | D:10     | Noticed an ettin
  8713 | D:10     | an anaconda changed into an ettin
  8714 | D:10     | Noticed Kazon's ghost (novice PaFi)
  8714 | D:10     | Noticed a six-headed hydra
  8714 | D:10     | an ettin changed into a six-headed hydra
  8715 | D:10     | Noticed a minotaur
  8715 | D:10     | a six-headed hydra changed into a minotaur
  8718 | D:10     | Noticed a storm dragon
  8718 | D:10     | a minotaur changed into a storm dragon
  8724 | D:10     | Noticed a seven-headed hydra
  8724 | D:10     | a storm dragon changed into a seven-headed hydra
  8735 | D:10     | Noticed a goliath frog
  8735 | D:10     | Noticed an ice dragon
  8735 | D:10     | a goliath frog changed into an ice dragon
  8808 | D:10     | Found a glowing silver altar of Zin.
  8808 | D:10     | Found a glowing golden altar of the Shining One.
  8808 | D:10     | Found a white marble altar of Elyvilon.
  8870 | D:10     | Found Maje's Distillery.
  8877 | D:10     | Found Oseugotu's Magic Scroll Boutique.
  8881 | D:10     | Bought a potion of haste for 150 gold pieces
  8881 | D:10     | Bought a potion of heal wounds for 75 gold pieces
  8881 | D:10     | Bought 2 potions of heal wounds for 150 gold pieces
  8932 | D:10     | Reached skill level 14 in Axes
  9109 | D:10     | Killed an unseen horror
  9192 | D:11     | Reached XP level 11. HP: 75/84 MP: 11/11
  9333 | D:11     | Noticed a white ugly thing
  9346 | D:11     | Demolished by a white ugly thing

Illustrated notes

Levels and vault maps discovered:
D:1:      dpeg_arrival_yet_another_circle, layout_rooms, serial_forest,
          infiniplex_forest_lined_3, infiniplex_forest_end_2,
          infiniplex_forest_lined_room_, infiniplex_forest_clump_tiny,
          infiniplex_forest_side_room, infiniplex_forest_straight_3,
          infiniplex_forest_zigzag_2, ebering_ecumenical_altar_ruins
D:2:      layout_loops_ring, grunt_ministairs_7, hex_large, minivault_23,
          uniq_natasha
D:3:      layout_basic, mainiacjoe_overflow_catwalk, trog_antimagical,
          minmay_misc_feat_room, st_stairs_13
D:4:      layout_basic, fiery_altar_vehumet, nicolae_hepliaklqana_hazy_memory,
          serial_glass, glass_columns_a, glass_columns_c, glass_columns_c,
          glass_columns_a, serial_shops, nicolae_shop_crystal
D:5:      layout_basic, ashenzari_altar_1
D:6:      layout_basic, grunt_temple_overflow_opulence
D:7:      layout_loops_corners, mainiacjoe_overflow_alcove_2,
          minmay_temple_entry_hall, hangedman_minor_gate_pass
D:8:      layout_basic
D:9:      layout_roguey, tgw_xom, general_overflow_altar,
          nicolae_shop_sticking_my_neck_out
D:10:     layout_loops_cross, good_gods_mini_temple, gammafunk_ghost_split,
          nicolae_wooded_promenade
D:11:     layout_roguey, david_orc_3, uniq_harold

Skill      XL: |  1  2  3  4  5  6  7  8  9 10 |
---------------+-------------------------------+-----
Axes           | 3 4 5 6 8 10 12 14 | 14.7
Fighting       | 4 |  4.0
Armour         | 4 |  4.0
Shields        | 4 5 6 7 9 10 12 | 12.9

Action                   |  1- 3 |  4- 6 |  7- 9 | 10-12 || total
-------------------------+-------+-------+-------+-------++-------
Melee: War axe           |    82 |   134 |       |       ||   216
       Hand axe          |       |    37 |   257 |   254 ||   548
Throw: Dart              |       |       |     1 |     9 ||    10
Invok: Convert to Beogh  |       |       |     1 |       ||     1
  Use: Potion            |       |       |     1 |       ||     1
       Scroll            |       |       |     4 |     1 ||     5
Armor: Scale mail        |    40 |    68 |    70 |     2 ||   180
       Ring mail         |       |       |       |    40 ||    40
Dodge: Dodged            |    30 |    69 |   105 |    86 ||   290
Block: Kite shield       |    49 |    98 |   162 |   121 ||   430
